 Dungeon Crawl Stone Soup version 0.29.1-1-gd02db6906a (webtiles) character file.

Game seed: 2701838869449788279

50166 Ashen the Fighter (level 14, 110/110 HPs)
             Began as a Demonspawn Ice Elementalist on Sept 16, 2022.
             Was a High Priest of Vehumet.
             Got out of the dungeon alive.
             The game lasted 00:49:54 (27111 turns).

Ashen the Fighter (Demonspawn Ice Elementalist)    Turns: 27111, Time: 00:49:55

Health: 110/110    AC: 10    Str:  8    XL:     14   Next: 18%
Magic:  28/28      EV: 16    Int: 22    God:    Vehumet [*****.]
Gold:   721        SH: 16    Dex: 14    Spells: 13/33 levels left

rFire   + . .      SeeInvis +   C - +3 dagger (venom)
rCold   . . .      Faith    .   J - +2 buckler {rF+}
rNeg    . . .      Spirit   .   t - +2 robe {Will+}
rPois   .          Reflect  .   L - +0 helmet
rElec   .          Harm     .   o - +1 cloak
rCorr   .          Rampage  .   (gloves unavailable)
Will    +++..                   i - +2 pair of boots
Stlth   +++.......              (no amulet)
HPRegen 0.28/turn               l - ring of willpower
MPRegen 0.21/turn               Q - ring of see invisible

@: no status effects
A: large bone plates 3, demonic guardian 1, augmentation 1, demonic touch 3
a: Renounce Religion


You escaped.
You worshipped Vehumet.
Vehumet was extremely pleased with you.
You visited 3 branches of the dungeon, and saw 16 of its levels.
You also visited: Bailey.

You collected 1227 gold pieces.
You spent 506 gold pieces at shops.

Inventory:

Hand Weapons
 B - the +7 staff of the Meek {protect, meekguard}
   (You found it on level 3 of the Dungeon)

   It grants its wielder temporary protection when it strikes (+7 to AC).
   It provides extra protection to wielders with little health.
 C - a +3 dagger of venom (weapon)
 I - a +0 rapier
 O - a +6 dagger of freezing
Missiles
 s - a throwing net
 P - 30 javelins
Armour
 i - a +2 pair of boots (worn)
 o - a +1 cloak (worn)
 t - a +2 robe of willpower (worn)
 J - a +2 buckler of fire resistance (worn)
 L - a +0 helmet (worn)
 N - a +2 kite shield
Jewellery
 l - a ring of willpower (left hand)
 p - a ring of flight
 E - a +6 ring of dexterity
 H - a +6 ring of strength
 Q - a ring of see invisible (right hand)
 W - a ring of wizardry
 X - a +4 ring of protection
Wands
 w - a wand of mindburst (10)
 z - a wand of quicksilver (10)
 D - a wand of roots (13)
 F - a wand of digging (10)
 M - a wand of charming (22)
 V - a wand of flame (11)
Scrolls
 e - 2 scrolls of enchant armour
 f - 3 scrolls of teleportation {unknown}
 g - 3 scrolls of identify
 h - a scroll of fear
 j - 5 scrolls of amnesia
 k - 3 scrolls of brand weapon {unknown}
 n - 3 scrolls of magic mapping
 q - 2 scrolls of poison
 r - 9 scrolls of enchant weapon
 v - 2 scrolls of noise
 y - 3 scrolls of blinking {unknown}
 A - 4 scrolls of vulnerability
 G - 2 scrolls of immolation
 T - a scroll of acquirement {unknown}
Potions
 a - 3 potions of brilliance
 b - 5 potions of magic
 c - 4 potions of might
 d - a potion of curing
 m - 6 potions of attraction
 u - 6 potions of cancellation
 x - 2 potions of flight
 K - a potion of resistance
 R - a potion of ambrosia
 S - 2 potions of heal wounds
 U - a potion of mutation {unknown}
 Y - a potion of invisibility


   Skills:
 - Level 10.0 Fighting
 - Level 10.0 Dodging
 - Level 5.0 Stealth
 + Level 7.9 Shields
 - Level 10.0 Spellcasting
 - Level 10.0 Conjurations
 - Level 10.0 Ice Magic
 - Level 5.0 Air Magic


You had 13 spell levels left.
You knew the following spells:

 Your Spells              Type           Power      Damage    Failure   Level
a - Freeze                Ice            100%       1d11      1%          1
b - Frozen Ramparts       Ice            100%       1d16      1%          3
c - Ozocubu's Armour      Ice            67%        N/A       1%          3
d - Hailstorm             Conj/Ice       67%        3d14      1%          4
e - Airstrike             Air            23%        2d(4-20)  2%          4
f - Freezing Cloud        Conj/Ice/Air   30%        6-21      1%          5

Your spell library contained the following spells:

 Spells                   Type           Power      Damage    Failure   Level
 Lee's Rapid Deconstruct  Erth           7%         3d8*      45%         5
 Ensorcelled Hibernation  Hex/Ice        92%        N/A       1%          2
 Static Discharge         Conj/Air       57%        3-11/arc  1%          2
 Conjure Flame            Conj/Fire      46%        6-21      1%          3
 Mephitic Cloud           Conj/Pois/Air  46%        N/A       1%          3
 Swiftness                Air            46%        N/A       2%          3
 Sticky Flame             Conj/Fire      46%        2d6       2%          4
 Ignite Poison            Fire/Tmut/Pois 15%        N/A       6%          3
 Passwall                 Tmut/Erth      12%        N/A       11%         2
 Confusing Touch          Hex            15%        N/A       22%         3
 Gell's Gravitas          Tloc           15%        N/A       22%         3
 Lesser Beckoning         Tloc           15%        N/A       22%         3
 Teleport Other           Tloc           15%        N/A       22%         3
 Yara's Violent Unravell  Hex/Tmut       7%         3d5       45%         5
 Simulacrum               Ice/Necr       23%        N/A       82%         6
 Enfeeble                 Hex            7%         N/A       100%        7
 Polar Vortex             Ice            33%        N/A       100%        9


Dungeon Overview and Level Annotations

Branches:
Dungeon (10/15)            Temple (1/1) D:4            Lair (5/5) D:9
 Shoals (0/4) Lair:2        Snake (0/4) Lair:3        Slime (0/5) Lair:4
 Bailey (visited)
    Orc: D:9-12

Altars:
Ashenzari
Cheibriados
Dithmenos
Fedhas
Gozag
Hepliaklqana
Kikubaaqudgha
Makhleb
Nemelex Xobeh
Okawaru
Qazlal
Ru
Sif Muna
Trog
Uskayaw
Vehumet
Wu Jian
Xom
Yredelemnul

Shops:
D:3 =((   D:7 ?*=   D:10 *


Innate Abilities, Weirdness & Mutations

You are completely covered in large bone plates. (SH +8)
A weak demonic guardian rushes to your aid.
Your magical and physical power is slightly enhanced at high health.
Your touch may irresistibly damage your foes and sap their willpower.


Message History

Moving in this stuff is going to be slow.
There is a staircase back to the Dungeon here.
You climb upwards.
Welcome back to the Dungeon!
There is a staircase to the Lair here.
There is a stone staircase leading up here.
You climb upwards.
There is a stone staircase leading down here.
There is a stone staircase leading up here.
You climb upwards.
There is a stone staircase leading down here.
There is a stone staircase leading up here.
You climb upwards.
There is a stone staircase leading down here.
Things that are here:
a +0 leather armour; a +0 falchion
Things that are here:
a +0 ring mail; a +0 hand axe
There is a stone staircase leading up, spattered with blood here.
You climb upwards.
There is a stone staircase leading down here.
Things that are here:
a +0 hand axe; a +0 dagger
Things that are here:
a +4 ring mail; a +0 club
There is a stone staircase leading up here.
You climb upwards.
There is a stone staircase leading down here.
There is a stone staircase leading up here.
You climb upwards.
There is a stone staircase leading down here.
There is a stone staircase leading up here.
You climb upwards.
There is a stone staircase leading down here.
There is a stone staircase leading up here.
You climb upwards.
There is a stone staircase leading down here.
There is an open door here.
There is a staircase leading out of the dungeon here.
Are you sure you want to leave the Dungeon?
This will make you lose the game!
You have escaped!

#........#.#.#.#.#.#.#.#...#.# #
#########...............##.#.# #
#......#..........#.#.# #
##.......#.......##.#.# #
#.....#....#......#.#.# #
##...........#...##.#.####
#....#.#.#.#...#..#.#.....
##...............##.######
#...#..#.@.#.)#...#....... #####
##...............######### .)..#
#..#...#.#.#.#....#.......
....#####...#...........##.######
......##......#....#.....#.#..#..
#####.###.......#.......##.#..#.#
## #.##..........#.[....#.#.....
.# #..##...............##.#.##.#
.# ##...#.#.#.#.#.#.#.#...#.##..


There were no monsters in sight!

Vanquished Creatures
  Nessos (Lair:3)
  A boulder beetle (Lair:3)
  A merfolk avatar (Lair:5)
  6 hydras
  A two-headed ogre (D:9)
  8 death yaks
  A sea snake (Lair:5)
  A lindwurm (Lair:5)
  An oklob plant (Lair:2)
  A manticore (Lair:2)
  Maurice (D:9)
  15 elephants
  A black mamba (Lair:3)
  5 centaur zombies (D:10)
  Maggie (D:7)
  3 rime drakes
  9 cane toads
  10 komodo dragons
  2 polar bears
  A troll (D:10)
  2 wind drakes
  A hornet (Lair:5)
  14 blink frogs
  16 dream sheep
  Sigmund (D:3)
  2 vampires
  3 wyverns
  56 yaks
  A wraith (D:9)
  A basilisk (Lair:2)
  A steam dragon (D:8)
  3 nagas (Lair:3)
  10 water moccasins
  14 orc warriors
  3 ice beasts
  2 sky beasts
  12 centaurs
  10 wolves
  A kobold brigand (D:10)
  3 gnoll sergeants
  11 bullfrogs
  A scorpion (D:7)
  4 necrophages (D:10)
  3 killer bees (D:9)
  An electric eel (Lair:1)
  2 howler monkeys (D:9)
  A jelly (D:7)
  A human zombie (D:10)
  Crazy Yiuf (D:2)
  3 orc priests
  2 hounds
  An iron imp (D:8)
  Terence (D:2)
  3 hell rats (Lair:2)
  Ijyb (D:3)
  4 iguanas
  13 orc wizards
  2 mummies (D:10)
  9 adders
  11 gnolls
  4 river rats (Lair:2)
  3 shadow imps
  2 white imps
  2 ufetubi (D:5)
  A worm (D:2)
  2 dart slugs
  51 orcs
  4 bats
  8 endoplasms
  4 giant cockroaches
  10 goblins
  12 hobgoblins
  4 jackals
  13 kobolds
  5 quokkas
  5 ball pythons
  5 frilled lizards
  12 rats
  A bush (Lair:2)
449 creatures vanquished.

Vanquished Creatures (collateral kills)
  An elephant (Lair:5)
  A cane toad (Lair:5)
  A polar bear (Lair:4)
  3 yaks (Lair:5)
  A wolf (Lair:4)
7 creatures vanquished.

Vanquished Creatures (others)
  27 fungi
  150 plants
177 creatures vanquished.

Grand Total: 633 creatures vanquished

Notes
Turn   | Place    | Note
-------+----------+-------------------------------------------
     0 | D:1      | Ashen the Demonspawn Ice Elementalist began the quest for
                  | the Orb.
     0 | D:1      | Reached XP level 1. HP: 13/13 MP: 3/3
   601 | D:1      | Gained mutation: You are partially covered in large bone
                  | plates. (SH +4) [demonic ancestry]
   601 | D:1      | Reached XP level 2. HP: 19/20 MP: 1/5
  1215 | D:1      | Reached skill level 1 in Fighting
  1484 | D:1      | Gained mutation: Your touch may inflict minor irresistible
                  | damage on your foes. [demonic ancestry]
  1484 | D:1      | Reached XP level 3. HP: 26/26 MP: 3/6
  2034 | D:2      | Noticed Terence
  2083 | D:2      | Found a faded altar of an unknown god.
  2374 | D:2      | Reached XP level 4. HP: 32/32 MP: 4/7
  2748 | D:2      | Killed Terence
  2754 | D:2      | Learned a level 3 spell: Frozen Ramparts
  2758 | D:2      | Learned a level 3 spell: Ozocubu's Armour
  2878 | D:2      | Found a runed translucent door.
  2879 | D:2      | Noticed Crazy Yiuf
  3234 | D:2      | Killed Crazy Yiuf
  3235 | D:2      | Reached XP level 5. HP: 38/38 MP: 5/9
  3631 | D:3      | Found Obbiq's Jewellery Emporium.
  3669 | D:3      | Found Qat Gios's Antique Weapon Shop.
  3888 | D:3      | Found the +7 staff of the Meek {protect, meekguard}
  3998 | D:3      | Found Amig Xaph's Antique Weapon Shoppe.
  4451 | D:3      | Noticed Ijyb
  4457 | D:3      | Killed Ijyb
  4540 | D:3      | Noticed Sigmund
  4555 | D:3      | Killed Sigmund
  4556 | D:3      | Gained mutation: You are mostly covered in large bone
                  | plates. (SH +6) [demonic ancestry]
  4556 | D:3      | Reached XP level 6. HP: 12/46 MP: 9/11
  5048 | D:4      | Learned a level 4 spell: Hailstorm
  5354 | D:4      | Found a bloodstained altar of Trog.
  5703 | D:4      | Found a staircase to the Ecumenical Temple.
  5708 | D:4      | Reached XP level 7. HP: 52/52 MP: 12/12
  5720 | Temple   | Entered the Ecumenical Temple
  5725 | Temple   | Became a worshipper of Vehumet
  5864 | D:5      | Entered Level 5 of the Dungeon
  6651 | D:5      | Reached skill level 5 in Ice Magic
  7039 | D:5      | Reached skill level 1 in Conjurations
  7039 | D:5      | Reached XP level 8. HP: 33/60 MP: 7/14
  7315 | D:6      | Found a shadowy altar of Dithmenos.
  7376 | D:6      | Found an opulent altar of Gozag.
  7450 | D:6      | Reached * piety under Vehumet
  7450 | D:6      | Offered knowledge of Magic Dart by Vehumet.
  8423 | D:7      | Found Feijuliarch's Assorted Antiques.
  8485 | D:7      | Bought a scroll labelled RUIXY HAPPO for 22 gold pieces
  8485 | D:7      | Bought a scroll labelled DOIBIYMIEDD for 22 gold pieces
  8485 | D:7      | Bought a scroll labelled YMPODD SAOJ for 22 gold pieces
  8485 | D:7      | Bought a scroll labelled UCUXZE QEAG for 22 gold pieces
  8485 | D:7      | Bought a scroll labelled QEFEOJ ETISASO for 22 gold pieces
  8597 | D:7      | Found Woehotikk's Jewellery Emporium.
  8776 | D:7      | Noticed Maggie
  8789 | D:7      | Reached skill level 5 in Stealth
  8792 | D:7      | Killed Maggie
  8793 | D:7      | Reached skill level 5 in Spellcasting
  8866 | D:7      | Gained mutation: Your touch may inflict irresistible damage
                  | on your foes. [demonic ancestry]
  8866 | D:7      | Reached XP level 9. HP: 56/67 MP: 16/16
  8934 | D:7      | Found Othrir Detest's Magic Scroll Shoppe.
  9277 | D:7      | Reached skill level 5 in Fighting
  9277 | D:7      | Reached skill level 5 in Dodging
  9515 | D:8      | Found a snail-covered altar of Cheibriados.
  9973 | D:8      | Gained mutation: You are completely covered in large bone
                  | plates. (SH +8) [demonic ancestry]
  9973 | D:8      | Reached XP level 10. HP: 36/76 MP: 13/19
 10340 | D:8      | Reached ** piety under Vehumet
 10467 | D:8      | Offered knowledge of Shock by Vehumet.
 11236 | D:9      | Reached skill level 5 in Conjurations
 11454 | D:9      | Noticed Maurice
 11690 | D:9      | Noticed a two-headed ogre
 11881 | D:9      | Reached skill level 1 in Shields
 11882 | D:9      | Killed a two-headed ogre
 11921 | D:9      | Killed Maurice
 11934 | D:9      | Offered knowledge of Dazzling Flash by Vehumet.
 12051 | D:9      | Found an ancient bone altar of Kikubaaqudgha.
 12053 | D:9      | Found a sparkling altar of Nemelex Xobeh.
 12621 | D:9      | Found a staircase to the Lair.
 12663 | D:10     | Entered Level 10 of the Dungeon
 12686 | D:10     | Found a flagged portal.
 12698 | Bailey   | Entered a bailey
 12740 | Bailey   | Reached *** piety under Vehumet
 13730 | Bailey   | Offered knowledge of Airstrike by Vehumet.
 13732 | Bailey   | Gained mutation: Your touch may irresistibly damage your
                  | foes and sap their willpower. [demonic ancestry]
 13732 | Bailey   | Reached XP level 11. HP: 37/84 MP: 10/21
 14637 | Bailey   | Got the Treatise on Voltaic Cold
 14645 | Bailey   | Learned a level 4 spell: Airstrike
 14761 | Bailey   | Learned a level 5 spell: Freezing Cloud
 15230 | D:10     | Found Nitore's General Store.
 15238 | D:10     | Bought a potion of ambrosia for 96 gold pieces
 15238 | D:10     | Bought a scroll of poison for 48 gold pieces
 15238 | D:10     | Bought 2 potions of cancellation for 192 gold pieces
 15238 | D:10     | Bought a scroll of identify for 24 gold pieces
 15238 | D:10     | Bought a potion of attraction for 36 gold pieces
 15414 | D:10     | Reached skill level 1 in Air Magic
 15963 | D:10     | Reached **** piety under Vehumet
 16027 | D:10     | Found a basalt altar of Yredelemnul.
 16044 | D:10     | Offered knowledge of Irradiate by Vehumet.
 16319 | D:10     | Found a hide-covered altar of Uskayaw.
 16835 | Lair:1   | Entered Level 1 of the Lair of Beasts
 16898 | Lair:1   | HP: 4/85 [komodo dragon (24)]
 18369 | Lair:2   | Reached ***** piety under Vehumet
 18522 | Lair:2   | Found a staircase to the Shoals.
 18532 | Lair:2   | Offered knowledge of Lee's Rapid Deconstruction by Vehumet.
 18537 | Lair:2   | Reached XP level 12. HP: 72/92 MP: 11/23
 19948 | Lair:3   | Found a staircase to the Snake Pit.
 20066 | Lair:3   | Reached skill level 5 in Air Magic
 20445 | Lair:3   | Reached skill level 5 in Shields
 21137 | Lair:3   | Noticed a boulder beetle
 21151 | Lair:3   | Killed a boulder beetle
 21606 | Lair:3   | Noticed Nessos
 21612 | Lair:3   | Killed Nessos
 22699 | Lair:4   | Found a staircase to the Slime Pits.
 22755 | Lair:4   | Noticed a six-headed hydra
 22769 | Lair:4   | Killed a six-headed hydra
 22770 | Lair:4   | Gained mutation: A weak demonic guardian rushes to your
                  | aid. [demonic ancestry]
 22770 | Lair:4   | Reached XP level 13. HP: 95/101 MP: 10/25
 24217 | Lair:5   | Entered Level 5 of the Lair of Beasts
 24638 | Lair:5   | Reached skill level 10 in Fighting
 24639 | Lair:5   | Reached skill level 10 in Ice Magic
 25394 | Lair:5   | Gained mutation: Your magical and physical power is
                  | slightly enhanced at high health. [demonic ancestry]
 25394 | Lair:5   | Reached XP level 14. HP: 93/110 MP: 27/27
 26254 | Lair:5   | Reached skill level 10 in Spellcasting
 26328 | Lair:5   | Reached skill level 10 in Dodging
 26334 | Lair:5   | Reached skill level 10 in Conjurations
 26671 | Lair:5   | Found the +7 captain's cutlass {speed, disarm}
 27111 | D:$      | Got out of the dungeon alive.

Illustrated notes

Levels and vault maps discovered:
D:1:      co_arrival_square_in_a_square_in_a_square, layout_basic, st_stairs_3
D:2:      layout_loops_cross, nicolae_ecumenical_oubliette, minmay_circle_x,
          uniq_terence, uniq_crazy_yiuf_cottage
D:3:      layout_loops_ring, serial_shops, shop, nicolae_square_shop, shop,
          roderic_serpentine_path, chequers_decorated_corner, st_stairs_1,
          pf_guarded_unrand_meek, uniq_ijyb, uniq_sigmund
D:4:      layout_rooms, kennysheep_mini_moat, minmay_temple_entry_grid,
          nicolae_eternal_life
D:5:      layout_basic, serial_park_tiny_1
D:6:      layout_layer_cave, hangedman_feature_mirror
D:7:      layout_loops_ring, serial_shops, shop,
          nicolae_shop_overgrown_old_shop, shop, uniq_maggie
D:8:      corexii_shack_village, layout_basic, slow_altar_1,
          chequers_mini_garden
D:9:      layout_cave_pools, chequers_temple_overflow_statue_of_worship,
          david_lair_shrubbed, uniq_maurice
D:10:     layout_long_grid, lemuel_mausoleum_altar_yredelemnul,
          nicolae_overflow_crystal_walls, serial_shops, nicolae_square_shop,
          enter_bailey_3, kennysheep_flooded_box
Temple:   minmay_freezing_vapour_temple
Lair:1:   layout_hall_layers, st_stairs_4, infiniplex_staircase_pool_2,
          grunt_megastairs_2, serial_bayou_shore_a
Lair:2:   layout_small_grid, minmay_shoals_entry_beasts,
          minmay_lair_oklob_items, kennysheep_abandoned_house
Lair:3:   layout_layer_cave, minmay_snake_entry_guardpost_small, uniq_nessos
Lair:4:   layout_small_grid, slime_entry_1, serial_forest,
          infiniplex_forest_lined_2, infiniplex_forest_clump_C,
          infiniplex_forest_corner_2, infiniplex_forest_clump_small,
          infiniplex_forest_clump_small, infiniplex_forest_lined_2,
          infiniplex_forest_clump_medium, infiniplex_forest_pool
Lair:5:   gammafunk_lair_ancient_temple, layout_regular_city, grunt_megastairs_1

Skill      XL: |  1  2  3  4  5  6  7  8  9 10 11 12 13 14 |
---------------+-------------------------------------------+-----
Stealth        | 2 3 4 5 |  5.0
Dodging        | 2 3 4 6 7 8 9 10 | 10.0
Fighting       | 1 2 3 4 6 7 8 9 10 | 10.0
Ice Magic      | 4 5 6 7 8 9 10 | 10.0
Spellcasting   | 3 4 5 6 7 8 9 10 | 10.0
Conjurations   | 1 3 4 6 7 8 9 10 | 10.0
Shields        | 3 4 6 7 |  7.9
Air Magic      | 4 5 |  5.0

Action                   |  1- 3 |  4- 6 |  7- 9 | 10-12 | 13-15 || total
-------------------------+-------+-------+-------+-------+-------++-------
Melee: Unarmed           |    39 |     2 |       |       |       ||    41
       Touch             |     5 |    28 |    42 |     3 |       ||    78
       Punch             |     1 |       |       |       |       ||     1
       Dagger            |       |   136 |   155 |   725 |   213 ||  1229
       Rapier            |       |       |       |    13 |       ||    13
 Cast: Freeze            |    55 |     6 |    14 |    43 |     8 ||   126
       Frozen Ramparts   |       |     1 |    12 |    31 |     1 ||    45
       Ozocubu's Armour  |       |       |    10 |    38 |     7 ||    55
       Hailstorm         |       |       |     1 |    18 |     5 ||    24
       Airstrike         |       |       |       |    40 |    12 ||    52
       Freezing Cloud    |       |       |       |    21 |    34 ||    55
Evoke: Wand              |       |       |       |       |     1 ||     1
  Use: Potion            |       |     1 |       |    12 |     1 ||    14
       Scroll            |       |       |    15 |     5 |       ||    20
 Stab: Sleeping          |     2 |     5 |     5 |    19 |     1 ||    32
       Distracted        |       |       |     1 |     3 |       ||     4
       Invisible         |       |       |       |     1 |       ||     1
Armor: Robe              |     7 |    25 |    34 |   227 |    65 ||   358
       Skin              |       |       |       |    47 |       ||    47
Dodge: Dodged            |    46 |    61 |    99 |   421 |   161 ||   788
Block: Other             |    18 |    24 |    43 |     7 |       ||    92
       Buckler           |       |       |       |   691 |   243 ||   934
